 Dungeon Crawl Stone Soup version 0.32-a0-918-g0f22ef8d61 (webtiles) character file.

Game seed: 13593851481834369545

60 hikkokomori the Shooter (level 4, -2/35 HPs)
             Began as a Formicid Hunter on Apr 12, 2024.
             Slain by a sleepcap (4 damage)
             ... on level 2 of the Dungeon.
             The game lasted 00:03:29 (1800 turns).

hikkokomori the Shooter (Formicid Hunter)           Turns: 1800, Time: 00:03:29

Health: -2/35      AC:  4    Str: 15 (16) XL:     4   Next: 25%
Magic:  4/4        EV: 11    Int:  7 (10) God:
Gold:   104        SH:  0    Dex: 16 (17) Spells: 3/3 levels left

rFire   . . .        a - +0 shortbow
rCold   . . .        (no shield)
rNeg    . . .        c - +1 leather armour
rPois   .            (helmet unavailable)
rElec   .            (no cloak)
rCorr   .            (no gloves)
SInv    +            (no boots)
Will    .....        (no amulet)
Stlth   ++           (no ring)
HPRegen 0.25/turn    (no ring)
MPRegen 0.09/turn

%: no passive effects
@: no status effects
A: permanent stasis, dig shafts and tunnels, antennae 3, four strong arms
a: Dig, Shaft Self


You were on level 2 of the Dungeon.
You visited 1 branch of the dungeon, and saw 3 of its levels.

You collected 104 gold pieces.

Inventory:

Hand Weapons
 a - a +0 shortbow (weapon)
Missiles
 d - 6 curare-tipped darts
Armour
 c - a +1 leather armour (worn)
 h - the +1 ring mail "Kigeukhluta" {Harm rC+++ Str+6 Dex-5}
   (You found it on level 2 of the Dungeon)

   Str+6:     It affects your strength (+6).
   Dex-5:     It affects your dexterity (-5).
   rC+++:     It renders you almost immune to cold.
   Harm:      It increases damage dealt and taken.
Jewellery
 e - a ring of ice
Scrolls
 i - a scroll of enchant armour


   Skills:
 + Level 3.0 Fighting
 + Level 4.4 Ranged Weapons
 + Level 1.3 Throwing
 - Level 1.8 Dodging
 + Level 2.6 Stealth


You had 3 spell levels left.
You didn't know any spells.
Your spell library contained the following spells:

 Spells                   Type           Power      Damage    Failure   Level
 Call Imp                 Summ           0%         N/A       65%         2
 Sublimation of Blood     Necr           0%         N/A       65%         2
 Dazzling Flash           Conj/Hex       0%         N/A       86%         3
 Mephitic Cloud           Conj/Alch/Air  0%         N/A       86%         3
 Curse of Agony           Necr           0%         N/A       100%        5
 Silence                  Hex/Air        0%         N/A       100%        5
 Summon Hydra             Summ           0%         N/A       100%        7


Dungeon Overview and Level Annotations

Branches:
Dungeon (3/15)

Altars:

Shops:
D:1 [


Innate Abilities, Weirdness & Mutations

You cannot be hasted, slowed, berserked, paralysed or teleported.
You can dig through walls and to a lower floor.
You have a pair of large antennae on your head. (SInv)
Your four strong arms can wield two-handed weapons with a shield.


Message History

The sleepcap is moderately damaged.
The sleepcap releases spores at you.
You are engulfed in a cloud of soporific spores!
You are unaffected.
You shoot an arrow.
The arrow hits the sleepcap but does no damage.
The sleepcap is moderately damaged.
The sleepcap releases spores at you but does no damage.
You shoot an arrow.
The arrow hits the sleepcap but does no damage.
The sleepcap is moderately damaged.
The sleepcap misses you.
You shoot an arrow. The arrow hits the sleepcap.
The sleepcap is moderately damaged.
The sleepcap closely misses you. The sleepcap releases spores at you.
You are engulfed in a cloud of soporific spores!
You fall asleep.
The sleepcap barely misses you. The sleepcap releases spores at you!
You wake up.
* * * LOW HITPOINT WARNING * * *
You shoot an arrow.
The arrow hits the sleepcap but does no damage.
The sleepcap is moderately damaged.
The sleepcap releases spores at you but does no damage.
Unknown command.
You shoot an arrow. The arrow hits the sleepcap!
The sleepcap is severely damaged.
The sleepcap barely misses you.
Unknown command.
You shoot an arrow.
The arrow hits the sleepcap but does no damage.
The sleepcap is severely damaged.
The sleepcap releases spores at you.
* * * LOW HITPOINT WARNING * * *
Unknown command.
You shoot an arrow.
The arrow hits the sleepcap but does no damage.
The sleepcap is severely damaged.
The sleepcap barely misses you. The sleepcap releases spores at you.
You die...

#. ..# ##.. #. ..# ### #. #.#
# ##'## #.# # ##...## #.# #
##.....## ### #.# ######
#.......## ##.###.# #.....
#.........####...##.####.###.
+.........'f@..........))....
#.........####...##.#.##.###.
##.......## #..#.....##.#...
##.....## #.##.....##.#.##
##...## #>##.....##..... ##+#
#.##.....####.## ######...#
#.# ###.# #.# ..# #.#


You could see a sleepcap.

Vanquished Creatures
  2 adders (D:2)
  A dart slug (D:1)
  5 ball pythons
  An endoplasm (D:1)
  3 giant cockroaches
  5 goblins
  4 hobgoblins
  3 quokkas
  2 bats (D:1)
  3 frilled lizards
  4 kobolds
  6 rats
39 creatures vanquished.

Notes
Turn   | Place    | Note
-------+----------+-------------------------------------------
     0 | D:1      | hikkokomori the Formicid Hunter began the quest for the
                  | Orb.
     0 | D:1      | Reached XP level 1. HP: 16/16 MP: 1/1
   379 | D:1      | Reached XP level 2. HP: 23/23 MP: 2/2
   451 | D:1      | Found a faded altar of an unknown god.
   541 | D:1      | Reached XP level 3. HP: 28/28 MP: 3/3
   551 | D:1      | Found Loot Fozots's Antique Armour Emporium.
   912 | D:2      | Reached skill level 1 in Throwing
  1190 | D:2      | Identified the +1 ring mail "Kigeukhluta" {Harm rC+++ Str+6
                  | Dex-5}
  1260 | D:2      | Reached XP level 4. HP: 34/34 MP: 4/4
  1799 | D:2      | HP: 1/35 [sleepcap (3)]
  1800 | D:2      | Slain by a sleepcap

Illustrated notes

Levels and vault maps discovered:
D:1:      psy_arrival_conway, layout_basic, serial_shops,
          nicolae_shop_statue_plus, hellmonk_ecumenical_altar_leap_of_faith,
          minmay_split_cup_small
D:2:      layout_loops_corners, uniq_crazy_yiuf_cottage
D:3:      layout_loops_ring, zin_statuary, nicolae_kite_square_tiling_tiny,
          grunt_ministairs_13, uniq_ijyb, uniq_robin, uniq_terence

Skill      XL: |  1  2  3  4 |
---------------+-------------+-----
Stealth        | 2 |  2.6
Throwing       | 1 |  1.3
Fighting       | 3 |  3.0
Ranged Weapons | |  4.4
Dodging        | |  1.8

Action                     |  1- 3 |  4- 6 || total
---------------------------+-------+-------++-------
   Fire: Shortbow          |    62 |    51 ||   113
    Use: Scroll            |       |     3 ||     3
         Potion            |       |     1 ||     1
 Armour: Leather armour    |    13 |    28 ||    41
  Dodge: Dodged            |    10 |    18 ||    28

Table legend: (Time is in decaauts)
 A = Elapsed time spent in this place.
 B = Non-inter-level travel time spent in this place.
 C = Inter-level travel time spent in this place.
 D = Time resting spent in this place.
 E = Time spent auto-exploring this place.
 F = Levels seen in this place.
 G = Mean time per level.
                   A        B        C        D        E       F      G
               +--------+--------+--------+--------+--------+-----+--------+
         Total |   1829 |   1792 |     37 |    220 |   1290 |   3 |  609.7 |
       Dungeon |   1829 |   1792 |     37 |    220 |   1290 |   3 |  609.7 |
               +--------+--------+--------+--------+--------+-----+--------+

Top non-repeatable levels by time:
     D:1: 903 daAuts
     D:2: 704 daAuts
     D:3: 221 daAuts
